 Dungeon Crawl Stone Soup version 0.14-a0-1653-g0ad7a2c (webtiles) character file.

1400 Piginabag the Caller (level 8, 0/47 HPs)
             Began as an Octopode Summoner on Dec 28, 2013.
             Was an Initiate of Makhleb.
             Slain by a sky beast (5 damage)
             ... on Level 7 of the Dungeon.
             The game lasted 00:28:12 (7001 turns).

Piginabag the Caller (Octopode Summoner)            Turns: 7001, Time: 00:28:13

HP   0/47        AC  1     Str 12      XL: 8   Next: 47%
MP  10/21        EV 13     Int 17      God: Makhleb [......]
Gold 175         SH  0     Dex 13      Spells:  3 memorised,  9 levels left

rFire  . . .     SeeInvis .     a - +0,-1 orc dagger
rCold  . . .     Clarity  .     (no shield)
rNeg   . . .     Conserve .     (helmet restricted)
rPois  .         rCorr    .     (no amulet)
rElec  .         rRot     .     x - +3 ring of strength
SustAb . .       Spirit   .     (no ring)
rMut   .         Warding  .     (no ring)
Saprov . . .     Stasis   .     (no ring)
                                (no ring)
                                (no ring)
                                (no ring)
                                (no ring)

@: slightly resistant to hostile enchantments, very stealthy
A: almost no armour, amphibious, 8 rings, constrict 8, camouflage 1, gelatinous
body 1
a: Renounce Religion


You were on level 7 of the Dungeon.
You worshipped Makhleb.
Makhleb was noncommittal.
You were near starving.

You visited 2 branches of the dungeon, and saw 8 of its levels.
You also visited: Ossuary.

You collected 175 gold pieces.

Inventory:

Hand weapons
 a - a +0,-1 orcish dagger (weapon)
 y - a +0 blowgun
Missiles
 z - 6 poisoned needles
 A - 4 curare-tipped needles
Magical devices
 d - a wand of polymorph (5)
 o - a wand of cold (0)
 t - a wand of lightning (0)
Comestibles
 c - a bread ration
 h - 2 meat rations
 r - a pear
 D - 12 grapes
 E - a chunk of worm flesh
Scrolls
 e - 4 scrolls of remove curse
 f - 7 scrolls of identify
 i - a scroll of amnesia
 n - a scroll of fog {unknown}
 s - a scroll of curse weapon {unknown}
 u - a scroll of enchant armour {unknown}
 w - a scroll of blinking {unknown}
 B - a scroll of random uselessness {unknown}
Jewellery
 x - a +3 ring of strength (left tentacle)
Potions
 g - 5 potions of curing
 j - a potion of brilliance {unknown}
 k - a potion of poison
 l - a potion of berserk rage {unknown}
 m - a potion of agility {unknown}
 p - a potion of heal wounds
 q - a potion of might
 v - 2 potions of speed {unknown}
Books
 b - a book of Callings

   Spells                             Type                      Level
   *Summon Small Mammal               Summoning                    1
   Call Imp                           Summoning                    2
   Call Canine Familiar               Summoning                    3
   *Summon Scorpions                  Summoning/Poison             4
   *Summon Ice Beast                  Ice/Summoning                4
 C - a book of Cantrips

   Spells                             Type                      Level
   Confusing Touch                    Hexes                        1
   Animate Skeleton                   Necromancy                   1
   *Summon Small Mammal               Summoning                    1
   Apportation                        Translocation                1


   Skills:
 + Level 0.4 Fighting
 + Level 1.2 Short Blades
 + Level 0.8 Throwing
 + Level 3.6 Dodging
 + Level 5.4 Stealth
 + Level 1.1 Unarmed Combat
 + Level 5.8 Spellcasting
 + Level 6.8 Summonings
 + Level 0.8 Ice Magic
 + Level 0.5 Poison Magic
 + Level 0.8 Evocations


You had 9 spell levels left.
You knew the following spells:

 Your Spells              Type           Power        Failure   Level  Hunger
a - Summon Small Mammal   Summ           ####         1%          1    None
b - Summon Ice Beast      Ice/Summ       ###.......   30%         4    ####...
c - Summon Scorpions      Summ/Pois      ###.......   30%         4    ####...


Dungeon Overview and Level Annotations

Branches:
Dungeon (7/16)             Temple (1/1) D:5

Altars:
Ashenzari
Cheibriados
Elyvilon
Fedhas
Kikubaaqudgha
Makhleb
Nemelex Xobeh
Okawaru
Sif Muna
Trog
Vehumet
Xom
Yredelemnul
Zin
the Shining One

Annotations:
D:3 Grinder, Sigmund


Innate Abilities, Weirdness & Mutations

You cannot wear most types of armour.
You are amphibious.
You can wear up to eight rings at the same time.
You can use your tentacles to constrict many enemies at once.
Your skin changes colour to match your surroundings (Stlth).
Your rubbery body absorbs attacks (AC +1).


Message History

Your scorpion stings the phantom!
Your scorpion stings the phantom!
Your scorpion stings the phantom.
Your scorpion stings the phantom!
Your scorpion closely misses the phantom.
The phantom barely misses your scorpion.
Your scorpion stings the phantom.
Your ice beast hits the phantom but does no damage.
Found 7 gold pieces.
Your scorpion barely misses the phantom.
The phantom hits your ice beast.
Your scorpion stings the phantom but does no damage.
Your ice beast hits the phantom but does no damage.
The orc priest calls down the wrath of Beogh upon you.
Something smites you!
* * * LOW HITPOINT WARNING * * *
Your scorpion completely misses the phantom.
Your scorpion misses the phantom. It hits you.
* * * LOW HITPOINT WARNING * * *
It shocks you.
You die...

........................(.
..........(...............
..........................
...........................
...........................
......###.o..sI.....###....
.... ##)..ps....## ##... .
#....s....# #... ...
##@........ ...
......###.{........ ..
................... .
..................
.................
................
...............
............. ...........


You could see a phantom, an orc priest, a friendly ice beast and 3 friendly
scorpions.

Vanquished Creatures
  2 guardian mummies (Ossuary)
  An orc warrior (D:6)
  An ogre (D:5)
  A wight (Ossuary)
  A crimson imp (D:7)
  A hound (D:4)
  An orc wizard (D:6)
  2 jellies
  An iguana (D:4)
  A scorpion (D:7)
  2 worker ants
  3 adders
  A worm zombie (D:5)
  4 worms
  An adder zombie (Ossuary)
  2 giant eyeballs (D:5)
  An ooze (D:6)
  7 orcs
  A ball python (D:2)
  5 bats
  4 giant cockroaches
  5 goblins
  6 hobgoblins
  7 kobolds
  2 ball python skeletons (Ossuary)
  2 giant geckos
  A giant newt (D:2)
  A hobgoblin skeleton (Ossuary)
  2 hobgoblin zombies
  A kobold zombie (Ossuary)
  3 orc skeletons (Ossuary)
  3 quokkas
  7 rats
  A rat skeleton (D:4)
  2 rat zombies (D:5)
86 creatures vanquished.

Vanquished Creatures (collateral kills)
  A hippogriff (D:5)
  An ogre (D:7)
  A giant frog (D:6)
  A hippogriff zombie (D:5)
  2 crimson imps
  A goliath beetle (D:6)
  An orc priest (D:3)
  An iguana (D:6)
  5 scorpions
  3 worker ants
  Jessica (D:3)
  An adder (D:5)
  2 worms
  A giant gecko (D:4)
  An ooze (D:3)
  4 orcs
  A ball python (D:3)
  2 giant cockroaches (D:2)
  5 goblins
  A hobgoblin (D:1)
  A quokka (D:3)
  2 bats
  A giant newt (D:3)
  6 kobolds
  4 rats
50 creatures vanquished.

Vanquished Creatures (others)
  3 ice beasts
  2 scorpions (D:6)
  15 grey rats
  An orc (D:6)
  19 quokkas
  19 bats
  18 rats
77 creatures vanquished.

Grand Total: 213 creatures vanquished

Notes
Turn   | Place    | Note
--------------------------------------------------------------
     0 | D:1      | Piginabag, the Octopode Summoner, began the quest for the Orb.
     0 | D:1      | Reached XP level 1. HP: 11/11 MP: 3/3
   223 | D:1      | Reached XP level 2. HP: 10/17 MP: 4/4
  1009 | D:2      | Reached XP level 3. HP: 18/21 MP: 6/6
  1455 | D:3      | Reached skill level 1 in Unarmed Combat
  1634 | D:3      | Reached XP level 4. HP: 23/27 MP: 0/8
  1823 | D:3      | Noticed Sigmund
  1850 | D:3      | Noticed Jessica
  1862 | D:3      | Killed Jessica
  2002 | D:3      | Noticed Grinder
  2209 | D:4      | Reached XP level 5. HP: 20/32 MP: 6/11
  2283 | D:4      | Learned a level 4 spell: Summon Ice Beast
  2728 | D:4      | Reached skill level 5 in Summonings
  3092 | D:5      | Entered Level 5 of the Dungeon
  3119 | D:5      | Paralysed by a giant eyeball for 4 turns
  3231 | D:5      | Found a sand-covered staircase.
  3260 | D:5      | Reached XP level 6. HP: 9/37 MP: 9/13
  3482 | Ossuary  | Entered an ossuary
  3716 | Ossuary  | Noticed a flying skull
  3738 | Ossuary  | Noticed a flying skull
  3745 | Ossuary  | Noticed a guardian mummy
  3745 | Ossuary  | Noticed a flying skull
  3760 | Ossuary  | Noticed a flying skull
  3767 | Ossuary  | Noticed a guardian mummy
  3857 | Ossuary  | Killed a guardian mummy
  3857 | Ossuary  | Reached skill level 1 in Short Blades
  3857 | Ossuary  | Reached skill level 5 in Stealth
  3857 | Ossuary  | Reached XP level 7. HP: 15/42 MP: 4/17
  4078 | Ossuary  | Noticed a flying skull
  4085 | Ossuary  | Noticed a guardian mummy
  4122 | Ossuary  | Killed a guardian mummy
  4184 | Ossuary  | Noticed a guardian mummy
  4427 | D:5      | Noticed an ogre
  4433 | D:5      | Killed an ogre
  4433 | D:5      | Reached skill level 5 in Spellcasting
  4433 | D:5      | Reached skill level 6 in Summonings
  4468 | D:5      | Found a staircase to the Ecumenical Temple.
  4516 | Temple   | Entered the Ecumenical Temple
  4557 | Temple   | Became a worshipper of Makhleb the Destroyer
  4641 | D:5      | Noticed a hippogriff
  4657 | D:5      | Killed a hippogriff
  5510 | D:6      | Reached XP level 8. HP: 44/47 MP: 18/20
  5718 | D:6      | Learned a level 4 spell: Summon Scorpions
  7001 | D:7      | Slain by a sky beast

Action                   |  1- 3 |  4- 6 |  7- 9 || total
-------------------------+-------+-------+-------++-------
Melee: Unarmed           |    94 |     4 |    12 ||   110
       Dagger            |       |    93 |    91 ||   184
 Fire: Blowgun           |       |       |    11 ||    11
 Cast: Summon Small Mamm |    27 |    96 |    57 ||   180
       Summon Ice Beast  |       |       |    12 ||    12
       Summon Scorpions  |       |       |     8 ||     8
Evoke: Wand              |       |     5 |     3 ||     8
  Use: Scroll            |       |     9 |     1 ||    10
       Potion            |       |       |     6 ||     6
 Stab: Sleeping          |     6 |    11 |     4 ||    21
       Distracted        |       |     1 |     2 ||     3
